Unix NetHack Version 5.0.0-0 post-release - last build May  3 2026 23:40:34 (9823c992c0763bbd039eca2974112f46eaf799b3,branch:main).

Game began 2026-05-04 18:44:42, ended 2026-05-04 18:57:38.

Draagus, neutral female human Priestess

       ...
      ..<.
     .....
    G...).
    .@..[%
    .....-

Draagus the Acolyte          St:14 Dx:12 Co:13 In:10 Wi:18 Ch:8  Neutral
Dlvl:3  $:77 HP:0(34) Pw:56(56) AC:4  Xp:4 T:1406 

Latest messages:
 The dwarf hits!
 You hit the dwarf!
 The dwarf hits!
 You kill the dwarf!
 You hear crashing rock.
 There is a dwarf corpse here; eat it? [ynq] (n) y
 This dwarf corpse tastes terrible!
 A thonged club misses you.
 You stop eating the dwarf corpse.
 The thonged club returns to its hand!
 There is a partly eaten dwarf corpse here; eat it? [ynq] (n) y
 You resume your meal.
 You stop eating the dwarf corpse.
 You hit the dwarf.
 The dwarf swings her pick-axe.
 The dwarf hits!
 Are you sure you want to pray? [yn] (n) y
 You begin praying to Brigit.
 You are surrounded by a shimmering light.
 The dwarf starts to attack you, but pulls back.
 The dwarf starts to attack you, but pulls back.
 You finish your prayer.
 You feel that Brigit is well-pleased.
 You feel much better.
 You miss the dwarf.
 The dwarf swings her pick-axe.
 The dwarf hits!
 You miss the dwarf.
 You miss the dwarf.
 You are hit by a thonged club.
 The dwarf swings her pick-axe.
 The dwarf hits!
 You miss the dwarf.
 The dwarf swings her pick-axe.
 The dwarf hits!
 You kill the dwarf!
 There is a partly eaten dwarf corpse here; eat it? [ynq] (n) y
 You resume your meal.
 You finish eating the dwarf corpse.
 You are hit by a thonged club!
 You hear the howling of the CwnAnnwn...
 A thonged club misses you.
 The gnome lord swings his thonged club.
 The gnome lord hits!
 You die...
 Do you want your possessions identified? [ynq] (y) y
 Do you want to see your attributes? [ynq] (y) y
 Do you want an account of creatures vanquished? [ynaq] (y) y
 Do you want to see your conduct and achievements? [ynq] (y) y
 Do you want to see the dungeon overview? [ynq] (y) y

Inventory:
 Coins    ('$')
  $ - 77 gold pieces
 Weapons  (')')
  a - a blessed +1 mace (weapon in right hand)
 Armor    ('[')
  l - a +2 pair of leather gloves (being worn)
  c - a +0 small shield (being worn)
  b - a +0 robe (being worn)
 Comestibles  ('%')
  e - 2 cloves of garlic
  k - a food ration
  f - a sprig of wolfsbane
 Scrolls  ('?')
  o - a scroll of fire
 Spellbooks  ('+')
  i - a spellbook of healing
  g - a spellbook of protection
 Potions  ('!')
  p - a potion of object detection
  d - 4 potions of holy water
 Tools    ('(')
  n - an oil lamp

Draagus the Priestess's attributes:

Background:
 You were an Acolyte, a level 4 human Priestess.
 You were neutral, on a mission for Brigit
 who was opposed by Lugh (lawful) and Manannan Mac Lir (chaotic).
 You were right-handed.
 You were in the Gnomish Mines, on level 3.
 You entered the dungeon 1406 turns ago.
 There was a full moon in effect when your adventure ended.
 You had 151 experience points, 9 more were needed to attain level 5.

Basics:
 You had 0 out of 34 hit points.
 You had all 56 energy points (spell power).
 Your armor class was 4.
 Your wallet contained 77 zorkmids.
 Autopickup was off.

Final Characteristics:
 Your strength was 14 (limit:18/100).
 Your dexterity was 12 (limit:18).
 Your constitution was 13 (limit:18).
 Your intelligence was 10 (limit:18).
 Your wisdom was 18 (limit:18).
 Your charisma was 8 (limit:18).

Final Status:
 You weren't hungry.
 You were unencumbered.
 You were wielding a mace.
 You had basic skill with mace.

Final Attributes:
 You were devoutly aligned.
 You were guarded.
 Your spell casting was enhanced by wearing a robe.
 You were lucky.
 You are dead.

Miscellaneous:
 You didn't encounter any bones levels.
 Total elapsed playing time was 12 minutes and 56 seconds.

Major events:
 Turn
    1: Draagus the neutral human Priestess entered the dungeon
  579: attained the rank of Acolyte (level 3)
 1325: read a Discworld novel
 1367: entered the Gnomish Mines
 1406: killed by a gnome lord

Spells:
 Name                 Level Category     Fail Retention
 protection             1   clerical       0%  91%-100%
 detect unseen          3   divination    74%  76%-100%

Skills:
 Fighting Skills
   bare handed combat [Unskilled]
 Weapon Skills
   club               [Unskilled]
   mace               [Basic]
   morning star       [Unskilled]
   flail              [Unskilled]
   hammer             [Unskilled]
   quarterstaff       [Unskilled]
   polearms           [Unskilled]
   spear              [Unskilled]
   trident            [Unskilled]
   lance              [Unskilled]
   bow                [Unskilled]
   sling              [Unskilled]
   crossbow           [Unskilled]
   dart               [Unskilled]
   shuriken           [Unskilled]
   boomerang          [Unskilled]
   unicorn horn       [Unskilled]
 Spellcasting Skills
   healing spells     [Unskilled]
   divination spells  [Unskilled]
   clerical spells    [Basic]

Voluntary challenges:
 Character rerolling was not enabled.
 You never genocided any monsters.
 You never polymorphed an object.
 You never changed form.
 You used no wishes.
Achievements:
 You attained the rank of Acolyte.
 You entered a shop.
 You read from a Discworld novel.
 You entered the Gnomish Mines.

 The Dungeons of Doom: levels 1 to 2
    Level 1:
       An altar to Brigit.
    Level 2:
       A scroll shop, a grave, many trees.
       Stairs down to The Gnomish Mines.
 The Gnomish Mines:
    Level 3: <- You were here.
       Final resting place for
          you, killed by a gnome lord.


Vanquished creatures:
  2 wood nymphs
  2 dwarves
  2 orc zombies
 an acid blob
  a hobbit
  a manes
  a giant rat
  a gnome
  3 geckos
  3 jackals
  a fox
  4 goblins
  a sewer rat
  2 grid bugs
  3 bats
  a lichen
  a kobold zombie
  6 newts
36 creatures vanquished.

No species were genocided or became extinct.

Game over:
                       ----------
                      /          \
                     /    REST    \
                    /      IN      \
                   /     PEACE      \
                  /                  \
                  |     Draagus      |
                  |      77 Au       |
                  |   killed by a    |
                  |    gnome lord    |
                  |                  |
                  |                  |
                  |       2026       |
                 *|     *  *  *      | *
        _________)/\\_//(\/(/\)/\//\/|_)_______

Goodbye Draagus the Priestess...

You died in The Gnomish Mines on dungeon level 3 with 794 points,
and 77 pieces of gold, after 1406 moves.
You were level 4 with a maximum of 34 hit points when you died.

